 Dungeon Crawl Stone Soup version 0.19.1 (webtiles) character file.

13265 juanjsm the Covert (level 11, -3/56 HPs)
             Began as a Spriggan Enchanter on Dec 23, 2016.
             Was a High Priest of Okawaru.
             Engulfed by a cloud of freezing vapour (11 damage)
             ... in an ice cave.
             The game lasted 01:07:07 (11013 turns).

juanjsm the Covert (Spriggan Enchanter)            Turns: 11013, Time: 01:07:08

Health: -3/56      AC:  8    Str:  4    XL:     11   Next: 73%
Magic:  26/26      EV: 30    Int: 17    God:    Okawaru [*****.]
Gold:   510        SH:  0    Dex: 20    Spells: 4 memorised, 22 levels left

rFire  . . .     SeeInvis +     l - +4 Vampire's Tooth {vamp}
rCold  + . .     Gourm    .     k - +1 robe {rF+}
rNeg   . . .     Faith    .     (shield restricted)
rPois  .         Spirit   .     Z - +2 hat
rElec  .         Reflect  .     m - +2 cloak
rCorr  .         Harm     .     (gloves unavailable)
MR     +....                    (boots unavailable)
Stlth  +++.......               (no amulet)
                                R - +3 ring of evasion
                                B - ring of ice

@: very quick
A: unfitting armour, see invisible, herbivore 3, speed 3, slow metabolism 2
a: Heroism, Finesse, Renounce Religion


You were in an ice cave.
You worshipped Okawaru.
Okawaru was extremely pleased with you.
You were not hungry.

You visited 3 branches of the dungeon, and saw 14 of its levels.
You also visited: Labyrinth and Ice Cave.

You collected 750 gold pieces.
You spent 240 gold pieces at shops.

Inventory:

Hand Weapons
 c - a +2 demon trident
 l - the +4 Vampire's Tooth (weapon) {vamp}
   (You found it in a labyrinth)

   It inflicts no extra harm, but heals its wielder when it wounds a living foe.
Armour
 b - a +2 robe of magic resistance
 k - a +1 robe of fire resistance (worn)
 m - a +2 cloak (worn)
 r - a +0 buckler
 Z - a +2 hat (worn)
Jewellery
 f - a cursed ring of loudness {unknown}
 B - a ring of ice (left hand)
 C - an uncursed ring of poison resistance
 R - a +3 ring of evasion (right hand)
Wands
 h - a wand of teleportation (3/9)
Scrolls
 a - a scroll of vulnerability {unknown}
 e - a scroll of enchant armour {unknown}
 g - 7 scrolls of remove curse
 L - 2 scrolls of identify
Potions
 j - a potion of curing
 o - 4 potions of lignification
 q - a potion of might
 s - 6 potions of flight
 t - a potion of magic
 u - 3 potions of invisibility
 w - 2 potions of resistance
Comestibles
 d - 9 bread rations


   Skills:
 + Level 5.7 Fighting
 + Level 7.9 Short Blades
 + Level 10.2 Dodging
 + Level 11.7 Stealth
 + Level 4.9 Shields
 * Level 10.6 Spellcasting
 + Level 9.1 Hexes


You had 22 spell levels left.
You knew the following spells:

 Your Spells              Type           Power        Failure   Level  Hunger
a - Corona                Hex            #####..      1%          1    None
b - Ensorcelled Hibernat  Hex/Ice        #####.       1%          2    None
c - Confuse               Hex            #####...     1%          3    None
d - Dazzling Spray        Conj/Hex       ###...       4%          3    None


Dungeon Overview and Level Annotations

Branches:
Dungeon (11/15)            Temple (1/1) D:4            Lair (2/6) D:11
    Orc (0/2) D:9
  Swamp: Lair:2-4    Shoals: Lair:2-4     Snake: Lair:2-4    Spider: Lair:2-4

Altars:
Ashenzari
Cheibriados
Dithmenos
Elyvilon
Fedhas
Gozag
Hepliaklqana
Kikubaaqudgha
Makhleb
Nemelex Xobeh
Okawaru
Qazlal
Ru
Sif Muna
Trog
Uskayaw
Vehumet
Xom
Yredelemnul
Zin
The Shining One

Shops:
D:6 =


Innate Abilities, Weirdness & Mutations

You are very small and have problems with some larger weapons.
You are too small for most types of armour.
You have supernaturally acute eyesight. (SInv)
You are a herbivore.
You cover ground extremely quickly.
You need consume almost no food.


Message History

You are engulfed in freezing vapours.
You resist.
You are engulfed in freezing vapours.
You resist.
You are engulfed in freezing vapours.
You resist.
You enter the shallow water.
Moving in this stuff is going to be slow.
You are engulfed in freezing vapours.
You resist.
You enter the shallow water.
Moving in this stuff is going to be slow.
You are engulfed in freezing vapours.
You resist.
* * * LOW HITPOINT WARNING * * *
You feel better.
You are engulfed in freezing vapours.
You resist.
* * * LOW HITPOINT WARNING * * *
You feel better.
You are engulfed in freezing vapours.
You resist.
* * * LOW HITPOINT WARNING * * *
You feel better.
You are engulfed in freezing vapours.
You resist.
* * * LOW HITPOINT WARNING * * *
You feel better.
You are engulfed in freezing vapours.
You resist.
* * * LOW HITPOINT WARNING * * *
You feel better.
You are engulfed in freezing vapours.
You resist.
You die...

##.†##
##.##
##†.###...#
##......##
#....#..#
##.####.#
######§# ##
##§##§§#
#)##§§§§§##
#§§@§§§##
#§§#§§####
# #§## ###


There were no monsters in sight!

Vanquished Creatures
  A minotaur (Lab)
  The ghost of Vedraith the Fencer, a journeyman MiFi of Okawaru (Lair:2)
  Urug (Lair:2)
  Nergalle (D:11)
  A hill giant (D:10)
  An ugly thing (D:11)
  Psyche (D:10)
  A spiny frog (Lair:1)
  2 trolls (D:11)
  3 blink frogs (Lair:2)
  A hornet (D:9)
  2 polar bears (IceCv)
  2 hippogriffs
  Sigmund (D:2)
  7 yaks
  A hungry ghost (D:11)
  The ghost of Edwards80 the Slasher, an amateur DsBe of Trog (D:4)
  2 water moccasins
  4 orc warriors
  A porcupine (Lair:2)
  3 ice beasts
  2 necrophages
  4 sky beasts
  2 black bears (Lair:2)
  7 ogres
  A hornet zombie (D:8)
  2 phantoms
  5 centaurs
  A wolf (Lair:2)
  2 crocodiles (Lair:2)
  9 bullfrogs
  5 scorpions
  3 killer bees (D:11)
  10 wights
  2 howler monkeys
  5 crimson imps
  A hound (D:10)
  2 jellies
  3 orc wizards
  A quasit (D:10)
  3 bullfrog skeletons
  5 orc priests
  Jessica (D:2)
  Natasha (thrice) (D:2)
  An iguana (D:7)
  4 worker ants
  A killer bee zombie (D:6)
  2 hound skeletons
  A worker ant zombie (D:8)
  2 howler monkey skeletons
  10 adders
  A shadow imp (D:5)
  12 white imps (Lair:2)
  An adder skeleton (D:4)
  2 worms
  10 leopard geckos
  19 orcs
  4 bats
  6 giant cockroaches
  4 goblins
  2 hobgoblins (D:3)
  9 jackals
  4 quokkas
  A ball python (D:2)
  2 frilled lizards
  A giant cockroach zombie (D:5)
  5 kobolds
  A quokka zombie (D:6)
  2 rats
  A plant (Lair:2)
225 creatures vanquished.

Vanquished Creatures (others)
  A human (D:8)
  A bullfrog (D:6)
  A scorpion (D:6)
  A hound (D:6)
  3 fungi (Lair:2)
7 creatures vanquished.

Grand Total: 232 creatures vanquished

Notes
Turn   | Place    | Note
-------+----------+-------------------------------------------
     0 | D:1      | juanjsm the Spriggan Enchanter began the quest for the Orb.
     0 | D:1      | Reached XP level 1. HP: 9/9 MP: 5/5
   579 | D:1      | Reached XP level 2. HP: 7/13 MP: 4/6
   583 | D:1      | Learned a level 2 spell: Ensorcelled Hibernation
  1029 | D:2      | Noticed Sigmund
  1069 | D:2      | Reached XP level 3. HP: 17/17 MP: 2/8
  1074 | D:2      | Learned a level 3 spell: Confuse
  1114 | D:2      | Reached skill level 1 in Fighting
  1136 | D:2      | Noticed Jessica
  1294 | D:2      | Killed Sigmund
  1294 | D:2      | Reached skill level 5 in Stealth
  1294 | D:2      | Reached XP level 4. HP: 22/22 MP: 4/10
  1294 | D:2      | Reached XP level 5. HP: 25/25 MP: 4/11
  1323 | D:2      | Killed Jessica
  1365 | D:2      | Learned a level 3 spell: Dazzling Spray
  1373 | D:2      | Noticed Natasha
  1382 | D:2      | Killed Natasha
  1566 | D:2      | Noticed Natasha
  1582 | D:2      | Killed Natasha
  1582 | D:2      | Reached XP level 6. HP: 30/30 MP: 6/13
  1634 | D:2      | Noticed Natasha
  1642 | D:2      | Killed Natasha
  2474 | D:4      | Found a shattered altar of Ashenzari.
  2616 | D:4      | Found a sacrificial altar of Ru.
  2679 | D:4      | Noticed Edwards80's ghost (amateur DsBe)
  2742 | D:4      | Reached skill level 5 in Dodging
  2759 | D:4      | Reached skill level 6 in Stealth
  2866 | D:4      | Reached skill level 5 in Hexes
  2924 | D:4      | Found a staircase to the Ecumenical Temple.
  2933 | Temple   | Entered the Ecumenical Temple
  2941 | Temple   | Became a worshipper of Warmaster Okawaru
  3288 | D:4      | Killed Edwards80's ghost
  3288 | D:4      | Reached XP level 7. HP: 35/35 MP: 10/14
  3313 | D:5      | Entered Level 5 of the Dungeon
  3352 | D:5      | Reached skill level 1 in Shields
  4329 | D:6      | Found a shimmering altar of Xom.
  4416 | D:6      | Reached * piety under Okawaru
  4441 | D:6      | Reached skill level 7 in Stealth
  4518 | D:6      | Reached skill level 5 in Spellcasting
  4518 | D:6      | Reached XP level 8. HP: 39/39 MP: 11/16
  4524 | D:6      | Found an opulent altar of Gozag.
  4733 | D:6      | Found Zoschaun's Jewellery Shop.
  4761 | D:6      | Bought an uncursed ring of poison resistance for 240 gold pieces
  4763 | D:6      | Found a hide-covered altar of Uskayaw.
  4822 | D:6      | Reached ** piety under Okawaru
  5360 | D:7      | Reached skill level 8 in Stealth
  5675 | D:7      | Found an ancient bone altar of Kikubaaqudgha.
  5779 | D:8      | Reached XP level 9. HP: 37/44 MP: 10/19
  6098 | D:8      | Reached skill level 5 in Short Blades
  6133 | D:8      | Reached *** piety under Okawaru
  6173 | D:8      | Got a faintly glowing scimitar
  6219 | D:8      | Found a sparkling altar of Nemelex Xobeh.
  6306 | D:8      | Found a stormy altar of Qazlal.
  6558 | D:8      | Found an ancient bone altar of Kikubaaqudgha.
  6625 | D:8      | Reached skill level 9 in Stealth
  6739 | D:8      | Reached **** piety under Okawaru
  7133 | D:9      | Found a staircase to the Orcish Mines.
  7192 | D:9      | Reached XP level 10. HP: 50/50 MP: 13/22
  7202 | D:9      | Reached ***** piety under Okawaru
  7571 | D:9      | Identified the +6 scimitar of Sani Egu {freeze, rN+ Str+4 Int-5 Dex+3} (You found it on level 8 of the Dungeon)
  7965 | D:10     | Entered Level 10 of the Dungeon
  8090 | D:10     | Reached skill level 10 in Stealth
  8171 | D:10     | Noticed a hill giant
  8178 | D:10     | Killed a hill giant
  8292 | D:10     | Noticed Psyche
  8988 | D:10     | Killed Psyche
  8988 | D:10     | Received a gift from Okawaru
  9319 | D:11     | Found a staircase to the Lair.
  9389 | D:11     | Noticed a purple ugly thing
  9422 | D:11     | Killed a purple ugly thing
  9422 | D:11     | Reached skill level 5 in Fighting
  9439 | D:11     | Reached XP level 11. HP: 55/55 MP: 8/25
  9448 | D:11     | Found a labyrinth entrance.
  9448 | D:11     | Noticed Nergalle
  9472 | D:11     | Killed Nergalle
  9472 | D:11     | Reached skill level 11 in Stealth
  9495 | Lab      | Entered a labyrinth
  9768 | Lab      | Noticed a minotaur
  9992 | Lab      | Killed a minotaur
 10008 | Lab      | Identified Sif Muna's Compendium of Necromancy and Cold
 10013 | Lab      | Identified Yxzir's Volume of Malediction
 10224 | D:11     | Noticed a hill giant
 10310 | Lair:1   | Entered Level 1 of the Lair of Beasts
 10346 | Lair:2   | Noticed Vedraith's ghost (journeyman MiFi)
 10479 | Lair:2   | Reached skill level 10 in Spellcasting
 10502 | Lair:2   | Noticed Urug
 10515 | Lair:2   | Killed Urug
 10515 | Lair:2   | Received a gift from Okawaru
 10608 | Lair:2   | Killed Vedraith's ghost
 10608 | Lair:2   | Reached skill level 10 in Dodging
 10770 | Lair:2   | Found a frozen archway.
 10848 | IceCv    | Entered an ice cave
 11012 | IceCv    | HP: 2/56 [something (12)]
 11013 | IceCv    | Engulfed by a cloud of freezing vapour

Skill      XL: |  1  2  3  4  5  6  7  8  9 10 11 |
---------------+----------------------------------+-----
Fighting       | 1 2 3 4 5 |  5.7
Short Blades   | 2 3 4 5 7 |  7.9
Dodging        | 4 5 6 7 8 9 10 | 10.2
Stealth        | 5 6 7 8 9 10 11 | 11.7
Spellcasting   | 3 4 5 6 7 9 10 | 10.6
Hexes          | 4 5 6 7 8 9 |  9.1
Shields        | 1 2 3 4 |  4.9

Action                   |  1- 3 |  4- 6 |  7- 9 | 10-12 || total
-------------------------+-------+-------+-------+-------++-------
Melee: Dagger            |    98 |    52 |   138 |   243 ||   531
 Cast: Corona            |     8 |       |       |       ||     8
       Ensorcelled Hiber |    10 |    16 |    89 |    57 ||   172
       Confuse           |     1 |     8 |    16 |    69 ||    94
       Dazzling Spray    |       |       |       |     8 ||     8
  Use: Scroll            |       |       |     7 |     3 ||    10
       Potion            |       |       |       |     6 ||     6
 Stab: Sleeping          |     9 |    22 |    66 |    58 ||   155
       Confused          |     2 |     6 |    10 |    29 ||    47
       Distracted        |       |       |     1 |     2 ||     3
       Invisible         |       |       |       |     8 ||     8
  Eat: Pizza             |       |     1 |       |       ||     1
       Bread ration      |       |       |     1 |     1 ||     2
       Fruit             |       |       |       |     2 ||     2
Armor: Robe              |     7 |     3 |     2 |     9 ||    21
Dodge: Dodged            |    77 |    38 |    69 |   135 ||   319
